 Dungeon Crawl Stone Soup version 0.14.1-1-g650416f (webtiles) character file.

45780 SeriousVlad the Thaumaturge (level 13, -8/78 HPs)
             Began as a Deep Elf Wizard on May 10, 2014.
             Was the Champion of Sif Muna.
             Mangled by a skeletal warrior
             ... wielding a +0,+0 battleaxe
              (22 damage)
             ... on Level 12 of the Dungeon on May 11, 2014.
             The game lasted 06:33:35 (35783 turns).

SeriousVlad the Thaumaturge (Deep Elf Wizard)      Turns: 35783, Time: 06:33:35

HP  -8/78        AC  8     Str  6      XL: 13   Next: 90%
MP  37/37        EV 11     Int 29      God: Sif Muna [******]
Gold 2480        SH 18     Dex 15      Spells: 11 memorised,  2 levels left

rFire  . . .     SeeInvis .     j - +5,+6 scimitar of the Badger {pain, +Rage rElec Int+4}
rCold  . . .     Clarity  .     l - +2 steam dragon armour
rNeg   . . .     Conserve .     z - +0 shield {reflect}
rPois  +         rCorr    +     b - -3 hat
rElec  +         rRot     .     c - +0 cloak
SustAb . .       Spirit   .     s - +1 pair of gloves of Polytheism {rElec rPois MR++}
rMut   .         Warding  .     I - +0 pair of boots
Saprov . . .     Stasis   .     y - amulet of resist corrosion
MR     ++++.                    o - ring of protection from magic
                                m - +2 ring of dexterity

@: repel missiles, incredibly resistant to hostile enchantments, fairly stealthy
A: dopey 1
a: Channel Energy, Forget Spell, Renounce Religion, Evoke Berserk Rage


You were on level 12 of the Dungeon.
You worshipped Sif Muna.
Sif Muna was exalted by your worship.
You were starving.

You visited 4 branches of the dungeon, and saw 25 of its levels.
You also visited: Labyrinth and Ice Cave.

You collected 2492 gold pieces.
You spent 12 gold pieces at shops.

Inventory:

Hand weapons
 j - the +5,+6 scimitar of the Badger (weapon) {pain, +Rage rElec Int+4}
   (You found it in a labyrinth)

   In the hands of one skilled in necromantic magic, it inflicts extra damage on
   living creatures.
   It affects your intelligence (+4).
   It insulates you from electricity.
   It lets you go berserk.
Armour
 b - a -3 hat (worn)
 c - a +0 cloak (worn)
 k - a +2 robe of fire resistance
 l - a +2 steam dragon armour (worn)
 s - the +1 pair of gloves of Polytheism (worn) {rElec rPois MR++}
   (You found it on level 2 of the Lair of Beasts)

   It insulates you from electricity.
   It protects you from poison.
   It affects your resistance to hostile enchantments.
 x - a -3 robe of cold resistance
 z - a +0 shield of reflection (worn)
 C - a +0 robe of positive energy
 I - a +0 pair of boots (worn)
Magical devices
 v - a wand of heal wounds (5)
Scrolls
 d - a scroll of magic mapping
 h - a scroll of enchant weapon I
 p - a scroll of teleportation
 w - 3 scrolls of fog
 E - 7 scrolls of identify
 G - 4 scrolls of remove curse
 H - 4 scrolls of recharging
Jewellery
 m - a +2 ring of dexterity (left hand)
 o - a ring of protection from magic (right hand)
 q - an uncursed amulet of resist mutation
 y - an amulet of resist corrosion (around neck)
 D - a +1 ring of strength
 F - an uncursed ring of protection from fire
 M - an uncursed ring of positive energy
Potions
 g - a potion of haste
 n - a potion of resistance
Books
 a - a book of Power

   Spells                             Type                      Level
   Fulminant Prism                    Conjuration/Hexes            4
   Iskenderun's Mystic Blast          Conjuration                  4
   Venom Bolt                         Conjuration/Poison           5
   Bolt of Magma                      Conjuration/Fire/Earth       5
   Iron Shot                          Conjuration/Earth            6
   Orb of Destruction                 Conjuration                  7
 f - a book of Cantrips

   Spells                             Type                      Level
   Confusing Touch                    Hexes                        1
   Animate Skeleton                   Necromancy                   1
   Summon Small Mammal                Summoning                    1
   Apportation                        Translocation                1
 i - a book of Fire

   Spells                             Type                      Level
   Fire Brand                         Charms/Fire                  2
   Ignite Poison                      Fire/Transmutation           5
   Fireball                           Conjuration/Fire             5
   *Bolt of Fire                      Conjuration/Fire             6
   Delayed Fireball                   Conjuration/Fire             7
   Ring of Flames                     Charms/Fire                  7
Magical staves
 t - an uncursed staff of power
Rods
 u - a +3 rod of ignition (13/14)
   (You took it off a minotaur in a labyrinth)


   Skills:
 - Level 8.1 Fighting
 - Level 2.4 Dodging
 - Level 2.4 Stealth
 + Level 5.9 Shields
 - Level 14.7 Spellcasting
 * Level 11.9 Conjurations
 - Level 4.0 Hexes
 - Level 8.4 Charms
 - Level 5.2 Summonings
 - Level 4.3 Translocations
 * Level 10.6 Fire Magic
 - Level 5.4 Earth Magic
 - Level 2.6 Poison Magic


You had 2 spell levels left.
You knew the following spells:

 Your Spells              Type           Power        Failure   Level  Hunger
a - Throw Icicle          Conj/Ice       ######..     6%          4    None
b - Blink                 Tloc           N/A          1%          2    None
c - Summon Mana Viper     Hex/Summ       #####...     24%         5    None
d - Conjure Flame         Conj/Fire      ######..     1%          3    None
e - Mephitic Cloud        Conj/Pois/Air  #####...     1%          3    None
f - Repel Missiles        Chrm/Air       #####.       1%          2    None
g - Bolt of Fire          Conj/Fire      ######....   12%         6    ####...
h - Petrify               Trmt/Erth      #####...     21%         4    None
i - Magic Dart            Conj           ####         1%          1    None
j - Regeneration          Chrm/Necr      #####.....   3%          3    None
k - Haste                 Chrm           ######..     28%         6    ####...


Dungeon Overview and Level Annotations

Branches:
Dungeon (12/15)            Temple (1/1) D:5             Orc (4/4) D:11
    Elf (0/3) Orc:3          Lair (8/8) D:10         Shoals (0/5) Lair:3
  Snake (0/5) Lair:4        Slime (0/6) Lair:7

Altars:
Cheibriados
Dithmenos
Fedhas
Kikubaaqudgha
Okawaru
Sif Muna
Trog
Vehumet
Yredelemnul
Zin
The Shining One
Beogh

Shops:
D:6 !   Orc:4 =[!:

Annotations:
Lair:7 ant87's ghost, powerful MiBe


Innate Abilities, Weirdness & Mutations

You are dopey. (Int -2)


Message History

You see here a hand axe.
You see here a blowgun.
Things that are here:
an uncursed glowing trident; a blowgun; 15 poisoned needles
There is a stone staircase leading down here.
You see here a hand axe.
You climb downwards.
You block the skeletal warrior's attack.
There is a stone staircase leading up here.
You hit the skeletal warrior.
The skeletal warrior is severely damaged.
The skeletal warrior hits you with a battleaxe!
You slash the skeletal warrior!
The skeletal warrior is almost destroyed.
The skeletal warrior hits you with a battleaxe!
* * * LOW HITPOINT WARNING * * *
You completely miss the skeletal warrior.
The skeletal warrior is almost destroyed.
The skeletal warrior hits you with a battleaxe!
You die...

#........ ###......# #......###
#...%### # #..Y..# ## #.....##
.### ###(...# ..^## ##...##
..).## #.@z.# .....### ##...##
##..)..# #....# ##.)..##
####...### #.....## #........##
#####....#####.........##
#...#......##.....#..%.)######
....###...)#....#####....#...####
...#####.......## ##....(.S(..#


You could see a skeletal warrior and a yak.

Vanquished Creatures
  Maud (Lair:8)
  A stone giant (Orc:1)
  A minotaur (Lab)
  A death yak (Lair:4)
  An orc high priest (Orc:4)
  A skeletal warrior (D:12)
  An unseen horror (D:11)
  5 hill giants
  3 orc knights (Orc:4)
  A brown ooze (Lair:6)
  A cyclops (D:11)
  An elephant (Lair:8)
  A mana viper (Lair:8)
  6 spiny frogs
  An item mimic (Lair:6)
  2 komodo dragons
  A black mamba (Lair:7)
  2 two-headed ogres
  2 blink frogs
  A grizzly bear (Lair:5)
  A shadow (D:7)
  A basilisk (Lair:6)
  8 ugly things
  12 yaks
  A spriggan (Lair:8)
  An elephant slug (Lair:8)
  4 hippogriffs
  A vampire mosquito (D:12)
  A wolf (Lair:8)
  A hungry ghost (D:11)
  2 steam dragons (D:5)
  6 wargs
  10 water moccasins
  10 ice beasts
  2 necrophages
  2 black bears
  6 porcupines
  2 sky beasts
  8 ogres
  5 phantoms
  18 orc warriors
  2 centaurs
  2 giant goldfish (D:11)
  A brain worm (D:11)
  11 giant frogs
  7 giant slugs
  2 big kobolds
  2 crocodiles
  A lava worm (D:11)
  Blork the orc (D:6)
  A gnoll sergeant (D:5)
  11 wights
  2 cyclops skeletons
  4 scorpions
  A hippogriff skeleton (D:11)
  An electric eel (D:11)
  A yak skeleton (D:9)
  A quasit (D:6)
  A lava snake (D:11)
  3 goliath beetles
  4 crimson imps
  14 hounds
  2 jellies
  A giant frog zombie (D:6)
  Crazy Yiuf (D:2)
  A centaur skeleton (D:8)
  A two-headed ogre skeleton (D:8)
  29 orc priests
  3 big fish
  6 iguanas
  21 orc wizards
  4 orange rats
  14 worker ants
  A black bear skeleton (D:8)
  9 sheep
  7 gnolls
  35 green rats
  4 orc zombies
  16 adders
  6 worms
  4 giant mites
  3 shadow imps
  3 giant eyeballs
  6 giant geckos
  An ooze (D:2)
  135 orcs
  24 bats
  A bat skeleton (D:6)
  A bat zombie (D:5)
  16 hobgoblins
  22 jackals
  28 kobolds
  9 quokkas
  A ball python (D:3)
  6 giant cockroaches
  10 giant newts
  2 gnoll skeletons
  21 goblins
  A hobgoblin zombie (D:8)
  2 orc skeletons
  A quokka skeleton (D:4)
  A quokka zombie (D:6)
  33 rats
  A rat zombie (D:7)
  A fungus (D:6)
703 creatures vanquished.

Vanquished Creatures (collateral kills)
  An acid blob (Lair:7)
  3 hydras
  4 death yaks
  3 orc high priests
  A catoblepas (Lair:8)
  2 skeletal warriors (D:12)
  2 hill giants
  An orc knight (Orc:4)
  4 oklob plants
  5 orc sorcerers (Orc:4)
  A griffon (Lair:8)
  Maurice (D:9)
  An elephant (Lair:8)
  A spiny frog (Lair:4)
  3 black mambas
  A troll (D:9)
  A spriggan druid (Lair:8)
  3 blink frogs (Lair:6)
  5 komodo dragons
  A giant firefly (Lair:8)
  A hellwing (Orc:4)
  A basilisk (Lair:2)
  A grizzly bear (Lair:7)
  A wyvern (Lair:7)
  4 sharks (Lair:3)
  A deep elf mage (D:12)
  2 orc zombies (Orc:4)
  An elephant slug (Lair:5)
  2 wolves (Lair:8)
  A vampire mosquito (D:12)
  5 hippogriffs
  7 ugly things (D:12)
  A shadow (D:10)
  9 yaks
  2 nagas
  2 ice beasts
  A porcupine (Lair:2)
  A water moccasin (Lair:5)
  A black bear (Lair:8)
  5 orc warriors
  An ogre (D:9)
  A crocodile (Lair:2)
  Sigmund (D:2)
  A giant slug (Lair:4)
  A boring beetle (Lair:3)
  4 giant frogs
  A brain worm (D:9)
  A scorpion (D:11)
  5 wights
  A quasit (D:9)
  2 iguanas
  An orc priest (D:11)
  A worker ant (D:12)
  4 orc wizards
  An adder (Lair:6)
  30 green rats
  A worm (D:8)
  7 orcs
  3 bats
  A goblin (D:1)
  A jackal (D:1)
  4 quokkas
  2 kobolds
  An orc skeleton (Orc:4)
  2 rats
  2 fungi
  A plant (D:6)
174 creatures vanquished.

Vanquished Creatures (others)
  27 mana vipers
  A komodo dragon (Lair:7)
  8 spiders (Lair:2)
  16 crimson imps
  7 shadow imps
  A giant mite (Lair:2)
  8 white imps
  A kobold (D:12)
  4 butterflies (D:8)
  7 fungi
  11 plants
91 creatures vanquished.

Grand Total: 968 creatures vanquished

Notes
Turn   | Place    | Note
--------------------------------------------------------------
     0 | D:1      | SeriousVlad, the Deep Elf Wizard, began the quest for the Orb.
     0 | D:1      | Reached XP level 1. HP: 10/10 MP: 6/6
   261 | D:1      | Reached skill level 5 in Spellcasting
   272 | D:1      | Reached XP level 2. HP: 15/15 MP: 1/11
   434 | D:1      | Learned a level 2 spell: Blink
   437 | D:1      | Learned a level 2 spell: Call Imp
   764 | D:1      | Reached XP level 3. HP: 19/19 MP: 10/14
   769 | D:1      | Learned a level 3 spell: Conjure Flame
   773 | D:1      | Learned a level 3 spell: Mephitic Cloud
   787 | D:1      | Reached skill level 6 in Spellcasting
  1260 | D:2      | Noticed Sigmund
  1758 | D:2      | Reached XP level 4. HP: 24/24 MP: 11/18
  1828 | D:2      | Killed Sigmund
  1828 | D:2      | Reached skill level 7 in Spellcasting
  1931 | D:2      | Noticed Crazy Yiuf
  1938 | D:2      | Killed Crazy Yiuf
  1938 | D:2      | Reached XP level 5. HP: 28/28 MP: 6/22
  2202 | D:2      | Reached skill level 8 in Spellcasting
  2861 | D:3      | Noticed a phantom
  3103 | D:3      | Found a snail-covered altar of Cheibriados.
  3175 | D:3      | Killed a phantom
  3538 | D:4      | Paralysed by a giant eyeball for 2 turns
  3542 | D:4      | Reached XP level 6. HP: 26/32 MP: 17/24
  3623 | D:4      | Noticed a phantom
  3633 | D:4      | Killed a phantom
  3707 | D:4      | Paralysed by a giant eyeball for 3 turns
  3717 | D:4      | Paralysed by a giant eyeball for 3 turns
  3882 | D:4      | Found an ancient bone altar of Kikubaaqudgha.
  3882 | D:4      | Found a shadowy altar of Dithmenos.
  3883 | D:4      | Found a radiant altar of Vehumet.
  4325 | D:5      | Entered Level 5 of the Dungeon
  4403 | D:5      | Noticed a necrophage
  4435 | D:5      | Killed a necrophage
  4435 | D:5      | Reached XP level 7. HP: 36/36 MP: 0/26
  4570 | D:5      | Reached skill level 1 in Poison Magic
  4730 | D:5      | Learned a level 2 spell: Repel Missiles
  4825 | D:5      | Found a staircase to the Ecumenical Temple.
  4901 | Temple   | Entered the Ecumenical Temple
  4925 | Temple   | Became a worshipper of Sif Muna the Loreminder
  5122 | D:5      | Noticed a steam dragon
  5123 | D:5      | Noticed a steam dragon
  5149 | D:5      | Killed a steam dragon
  5149 | D:5      | Reached skill level 5 in Conjurations
  5160 | D:5      | Killed a steam dragon
  5284 | D:5      | Reached XP level 8. HP: 41/41 MP: 4/27
  5625 | D:6      | Noticed Blork the orc
  5641 | D:6      | Killed Blork the orc
  5705 | D:6      | Reached skill level 1 in Charms
  5722 | D:6      | Reached skill level 1 in Fighting
  5722 | D:6      | Reached skill level 1 in Fire Magic
  5773 | D:6      | Learned a level 5 spell: Summon Mana Viper
  5778 | D:6      | Learned a level 4 spell: Petrify
  5826 | D:6      | Found a blossoming altar of Fedhas.
  5836 | D:6      | Acquired Sif Muna's first power
  5863 | D:6      | Noticed an oklob plant
  5906 | D:6      | HP: 1/43 [oklob plant/splash of acid (11)]
  6533 | D:6      | Killed an oklob plant
  6932 | D:6      | Found Psouthug's Distillery.
  6938 | D:6      | Bought a potion of paralysis for 12 gold pieces
  7196 | D:6      | Found a deep blue altar of Sif Muna.
  7281 | D:6      | Paralysed by a giant eyeball for 3 turns
  7578 | D:7      | Reached skill level 5 in Charms
  7578 | D:7      | Reached XP level 9. HP: 52/52 MP: 12/28
  7732 | D:7      | Acquired Sif Muna's second power
  8466 | D:7      | Reached skill level 5 in Fighting
  8517 | D:7      | Noticed a two-headed ogre
  8526 | D:7      | Killed a two-headed ogre
  8526 | D:7      | Reached skill level 1 in Hexes
  8526 | D:7      | Reached skill level 1 in Earth Magic
  8574 | D:7      | Reached skill level 5 in Fire Magic
  9003 | D:7      | Noticed a hill giant
  9207 | D:7      | Killed a hill giant
  9322 | D:8      | Reached XP level 10. HP: 60/60 MP: 0/29
 10019 | D:8      | Learned a level 5 spell: Bolt of Draining
 10714 | D:8      | Gained mutation: You are dopey. (Int -2) [mutagenic glow]
 11055 | D:9      | Noticed Maurice
 11173 | D:9      | Killed Maurice
 12112 | D:10     | Entered Level 10 of the Dungeon
 12199 | D:10     | Noticed a hill giant
 12206 | D:10     | Killed a hill giant
 12399 | D:10     | Found a glowing golden altar of the Shining One.
 12587 | D:10     | Found a staircase to the Lair.
 12629 | D:10     | Acquired Sif Muna's third power
 12716 | Lair:1   | Entered Level 1 of the Lair of Beasts
 12840 | Lair:1   | Found an ancient bone altar of Kikubaaqudgha.
 12840 | Lair:1   | Noticed an oklob plant
 12950 | Lair:1   | Killed an oklob plant
 13546 | Lair:2   | Reached skill level 5 in Earth Magic
 13739 | Lair:2   | Got a pair of steaming gloves
 13740 | Lair:2   | Identified the +1 pair of gloves of Polytheism {rElec rPois MR++} (You found it on level 2 of the Lair of Beasts)
 14012 | Lair:2   | Noticed a black mamba
 14017 | Lair:2   | Killed a black mamba
 14017 | Lair:2   | Reached XP level 11. HP: 65/65 MP: 30/30
 14261 | Lair:2   | Reached skill level 5 in Summonings
 15738 | Lair:3   | Found a staircase to the Shoals.
 15927 | Lair:3   | Noticed a seven-headed hydra
 15937 | Lair:3   | Killed a seven-headed hydra
 15937 | Lair:3   | Reached skill level 9 in Spellcasting
 16367 | Lair:4   | Found a staircase to the Snake Pit.
 16579 | Lair:4   | Noticed a death yak
 16580 | Lair:4   | Noticed a death yak
 16580 | Lair:4   | Noticed a death yak
 16581 | Lair:4   | Noticed a death yak
 17269 | Lair:4   | Killed a death yak
 17276 | Lair:4   | Killed a death yak
 17276 | Lair:4   | Reached skill level 10 in Spellcasting
 17283 | Lair:4   | Killed a death yak
 17861 | Lair:5   | Noticed a six-headed hydra
 17878 | Lair:5   | Killed a six-headed hydra
 18358 | Lair:5   | Noticed a six-headed hydra
 18364 | Lair:5   | Killed a six-headed hydra
 18571 | Lair:6   | Reached skill level 11 in Spellcasting
 18699 | Lair:6   | Found a frozen archway.
 18827 | Lair:6   | Received a gift from Sif Muna
 18860 | Lair:6   | Learned a level 4 spell: Throw Icicle
 18863 | IceCv    | Entered an ice cave
 18953 | Lair:6   | Reached XP level 12. HP: 73/73 MP: 21/34
 19428 | Lair:6   | Reached skill level 1 in Shields
 20026 | Lair:7   | Noticed ant87's ghost (powerful MiBe)
 20435 | Lair:7   | Found a staircase to the Slime Pits.
 21730 | Lair:8   | Entered Level 8 of the Lair of Beasts
 21730 | Lair:8   | Noticed Maud
 21741 | Lair:8   | Killed Maud
 21741 | Lair:8   | Reached skill level 12 in Spellcasting
 22607 | Lair:8   | Reached skill level 13 in Spellcasting
 22976 | Lair:8   | Noticed a seven-headed hydra
 23464 | Lair:8   | Reached skill level 14 in Spellcasting
 24012 | Lair:7   | Noticed an acid blob
 24241 | Lair:7   | HP: 2/73 [acid blob/splash of acid (7)]
 24243 | Lair:7   | Killed an acid blob
 24243 | Lair:7   | Received a gift from Sif Muna
 24393 | Lair:7   | Identified Lehudib's Compendium of Fiery Conjuration (Sif Muna gifted it to you on level 7 of the Lair of Beasts)
 24747 | Lair:3   | Killed a death yak
 24948 | Lair:1   | Learned a level 3 spell: Regeneration
 24956 | Lair:1   | Learned a level 6 spell: Bolt of Fire
 24963 | Lair:1   | Learned a level 6 spell: Haste
 24996 | D:11     | Found a labyrinth entrance.
 25000 | Lab      | Entered a labyrinth
 25271 | Lab      | Noticed a minotaur
 25319 | Lab      | Got a brightly glowing scimitar
 25340 | Lab      | Killed a minotaur
 25362 | Lab      | Identified a cursed +1 rod of ignition (12/12) (You took it off a minotaur in a labyrinth)
 25608 | Lair:1   | Identified the +5,+6 scimitar of the Badger {pain, +Rage rElec Int+4} (You found it in a labyrinth)
 26136 | D:11     | Reached XP level 13. HP: 59/78 MP: 29/37
 26816 | D:11     | Reached skill level 10 in Conjurations
 27659 | D:11     | Found a staircase to the Orcish Mines.
 27726 | Orc:1    | Entered Level 1 of the Orcish Mines
 27772 | Orc:1    | Found a roughly hewn altar of Beogh.
 28651 | Orc:3    | Found a staircase to the Elven Halls.
 28676 | Orc:3    | Found a bloodstained altar of Trog.
 29507 | Orc:2    | Reached skill level 5 in Shields
 29580 | Orc:2    | Found a bloodstained altar of Trog.
 29811 | Orc:1    | Noticed a stone giant
 29824 | Orc:1    | Killed a stone giant
 30039 | Orc:4    | Entered Level 4 of the Orcish Mines
 30466 | Orc:4    | Found Asuafin's Book Shoppe.
 30841 | Orc:4    | Received a gift from Sif Muna
 31718 | Orc:4    | Found Inut's Jewellery Shoppe.
 31742 | Orc:4    | Found Plakkasm's Distillery.
 31742 | Orc:4    | Found Urchiakk's Antique Armour Shop.
 32960 | Orc:3    | Reached skill level 10 in Fire Magic
 35783 | D:12     | Mangled by a skeletal warrior

Action                   |  1- 3 |  4- 6 |  7- 9 | 10-12 | 13-15 || total
-------------------------+-------+-------+-------+-------+-------++-------
Melee: Unarmed           |     1 |       |       |       |       ||     1
       Dagger            |     5 |     1 |       |       |       ||     6
       Quarterstaff      |       |     6 |    14 |       |       ||    20
       Trident           |       |       |    74 |    92 |       ||   166
       Scimitar          |       |       |       |    13 |    60 ||    73
       Rod               |       |       |       |       |   120 ||   120
       Staff             |       |       |       |       |    14 ||    14
Throw: Tomahawk          |     4 |       |       |       |       ||     4
 Cast: Magic Dart        |    90 |   153 |   385 |   675 |       ||  1303
       Call Imp          |    10 |     9 |    60 |       |       ||    79
       Conjure Flame     |     5 |    12 |    34 |    77 |    25 ||   153
       Mephitic Cloud    |     3 |     8 |    20 |    25 |     7 ||    63
       Blink             |     1 |     3 |     5 |    29 |    17 ||    55
       Repel Missiles    |       |       |     1 |     1 |     1 ||     3
       Summon Mana Viper |       |       |       |    99 |    45 ||   144
       Throw Icicle      |       |       |       |   158 |   295 ||   453
       Bolt of Draining  |       |       |       |     2 |       ||     2
       Bolt of Fire      |       |       |       |     2 |    13 ||    15
       Haste             |       |       |       |     1 |       ||     1
Invok: Channel Energy    |       |       |    27 |   278 |    94 ||   399
       Forget Spell      |       |       |     1 |     1 |       ||     2
Evoke: Wand              |       |       |     1 |    41 |     8 ||    50
       Sack of spiders   |       |       |       |    20 |       ||    20
       Rod               |       |       |       |       |    16 ||    16
       Deck              |       |       |       |       |     4 ||     4
  Use: Scroll            |       |     3 |     8 |    30 |     7 ||    48
       Potion            |       |       |     8 |     9 |    20 ||    37
 Stab: Confused          |       |       |       |     1 |       ||     1
       Distracted        |       |       |       |       |     1 ||     1
